 Dungeon Crawl Stone Soup version 0.31.0-9-g3a7656b989 (webtiles) character file.

Game seed: 815931393105308342

110 FinalFate the Chopper (level 4, -6/41 HPs)
             Began as a Minotaur Berserker on Jan 30, 2024.
             Was a Believer of Trog.
             Killed by nerve-wracking pain
             ... invoked by Grinder
              (14 damage)
             ... on level 3 of the Dungeon.
             The game lasted 00:04:10 (1788 turns).

FinalFate the Chopper (Minotaur Berserker)          Turns: 1788, Time: 00:04:11

Health: -6/41      AC: 11    Str: 24    XL:     4   Next: 61%
Magic:  3/3        EV: 10    Int:  4    God:    Trog [**....]
Gold:   146        SH:  0    Dex:  9    Spells: 3/3 levels left

rFire   . . .        a - +0 hand axe
rCold   . . .        (no shield)
rNeg    . . .        g - +0 scale mail
rPois   .            (helmet restricted)
rElec   .            (no cloak)
rCorr   .            (no gloves)
SInv    .            k - +0 pair of boots
Will    .....        (no amulet) Stlth
                     j - +4 ring of protection
HPRegen 0.26/turn    (no ring)
MPRegen 0.08/turn

%: no passive effects
@: no status effects
A: horns 2, retaliatory headbutt
a: Renounce Religion, Berserk, Trog's Hand


You were on level 3 of the Dungeon.
You worshipped Trog.
Trog was pleased with you.
You visited 1 branch of the dungeon, and saw 3 of its levels.

You collected 146 gold pieces.

Inventory:

Hand Weapons
 a - a +0 hand axe (weapon)
Armour
 g - a +0 scale mail (worn)
 k - a +0 pair of boots (worn)
Jewellery
 b - an amulet of magic regeneration
 j - a +4 ring of protection (left hand)
Scrolls
 d - a scroll of teleportation {unknown}
 f - a scroll of blinking {unknown}
 h - a scroll of revelation {unknown}
 i - 4 scrolls of poison {unknown}
Potions
 c - 2 potions of degeneration {unknown}
 e - 2 potions of enlightenment {unknown}


   Skills:
 * Level 4.6 Fighting
 * Level 5.0 Axes
 * Level 3.0 Armour
 * Level 3.1 Dodging


You had 3 spell levels left.
You didn't know any spells.
Your spell library was empty.

Dungeon Overview and Level Annotations

Branches:
Dungeon (3/15)

Altars:
Zin

Annotations:
D:3 Grinder


Innate Abilities, Weirdness & Mutations

You have a pair of horns on your head.
You reflexively headbutt those who attack you in melee.


Message History

Grinder gestures at you.
You suddenly lose the ability to move!
The hobgoblin barely misses you. Grinder hits you.
You writhe in agony.
* * * LOW HITPOINT WARNING * * *
You can move again.
You are too injured to fight recklessly!
You hit the hobgoblin.
You kill the hobgoblin!
Trog accepts your kill.
You closely miss Grinder. Grinder hits you but does no damage.
You closely miss Grinder.
Grinder is heavily wounded.
Grinder zaps a wand.
The puff of flame hits you but does no damage.
You barely miss Grinder. Your headbutt misses Grinder.
Grinder is heavily wounded.
Grinder barely misses you.
You barely miss Grinder.
Grinder is heavily wounded.
Grinder barely misses you.
You hit Grinder but do no damage. Your headbutt misses Grinder.
Grinder is heavily wounded.
Grinder hits you.
* * * LOW HITPOINT WARNING * * *
You writhe in agony.
* * * LOW HITPOINT WARNING * * *
You slash Grinder!
Grinder is severely wounded.
Grinder hits you but does no damage.
You hit Grinder.
Grinder is almost dead.
Grinder gestures at you. You resist with significant effort.
Grinder zaps a wand.
The puff of flame hits you but does no damage.
You hit Grinder but do no damage.
Grinder is almost dead.
Grinder gestures at you. Pain shoots through your body!
You die...
Grinder sighs, "Dead already?
I want a refund."

..# ...# .#
.....##..
#########.... ....
......#.<....#...#
#####...# ...##..#
.#......###......#
†..###......# ..##
..## ##...#.# ##.5#
..# #..#.#.###.@$##
... ##.##.#.#......#
.#.##..##.....#.####
....#.##....##..#
###..[...#..##.##
#...####..##.# #...#
#..##.# ...#..
....#.# ....<..
........


You could see Grinder.

Vanquished Creatures
  An orc priest (D:3)
  An adder (D:2)
  2 dart slugs (D:1)
  2 ribbon worms (D:2)
  4 orcs (D:3)
  An endoplasm (D:2)
  A giant cockroach (D:2)
  9 goblins
  5 hobgoblins
  3 jackals (D:1)
  3 quokkas
  6 ball pythons
  6 bats
  9 kobolds
  5 rats
58 creatures vanquished.

Notes
Turn   | Place    | Note
-------+----------+-------------------------------------------
     0 | D:1      | FinalFate the Minotaur Berserker began the quest for the
                  | Orb.
     0 | D:1      | Reached XP level 1. HP: 19/19 MP: 0/0
   104 | D:1      | Reached XP level 2. HP: 15/27 MP: 1/1
   203 | D:1      | Reached skill level 4 in Axes
   547 | D:1      | Reached ** piety under Trog
   559 | D:1      | Reached XP level 3. HP: 33/33 MP: 2/2
   961 | D:2      | Found a faded altar of an unknown god.
  1046 | D:2      | Found a glowing silver altar of Zin.
  1539 | D:2      | Reached XP level 4. HP: 38/41 MP: 3/3
  1616 | D:3      | Reached skill level 5 in Axes
  1772 | D:3      | Noticed Grinder
  1779 | D:3      | Paralysed by Grinder for 2 turns
  1788 | D:3      | Killed from afar by Grinder

Illustrated notes

Levels and vault maps discovered:
D:1:      minmay_arrival_arboretum_small, layout_rooms
D:2:      layout_loops_ring, basic_altar, shapermc_ecumenical_altar_gd,
          minmay_misc_feat_roman, minmay_surrounded
D:3:      layout_rooms, uniq_grinder

Skill      XL: |  1  2  3  4 |
---------------+-------------+-----
Axes           | 4 5 |  5.0
Fighting       | 4 |  4.6
Armour         | 3 |  3.0
Dodging        | 3 |  3.1

Action                     |  1- 3 |  4- 6 || total
---------------------------+-------+-------++-------
  Melee: Hand axe          |   100 |    31 ||   131
         Punch             |     1 |       ||     1
         Headbutt          |    15 |     5 ||    20
 Armour: Animal skin       |    38 |       ||    38
         Scale mail        |    14 |    20 ||    34
  Dodge: Dodged            |    72 |    16 ||    88
